General information
- name: BNet
- type: Ladder team game (AT/RT)
- host: Battle.net
- saver: Arthas
map: Deathknell
- players: 8
- length: 41:40
- speed: Fast
- version: 1.26 W3XP
- replay type: Public
» download(259 KB)
Players
team 1 (winner)

»
Dark-Spirit (
pink | 60 APM | 2518 actions | 41:39)
5 Keeper of the Grove
3 Entangling Roots
2 Thorns Aura
» actions
| Assign group hotkey | 42 | |
| Basic commands | 161 | |
| Build / train | 44 | |
| Enter build submenu | 11 | |
| Enter hero's abilities submenu | 5 | |
| Right click | 1061 | |
| Select / deselect | 700 | |
| Select group hotkey | 440 | |
| Use ability | 54 | |
2518 total
» units
» upgrades
» buildings
| Altar of Elders | 1 | |
| Moon Well | 4 | |
| Ancient of War | 2 | |
| Hunter's Hall | 1 | |
| Tree of Ages | 1 | |
| Ancient of Wonders | 1 | |
10 total
» build order
00:07 Altar of Elders
00:24 Moon Well
01:54 Ancient of War
01:59 Hunter's Hall
02:10 Ancient of War
02:27 Moon Well
03:02 Moon Well
03:30 Moon Well
13:25 Tree of Ages
15:04 Ancient of Wonders
» items
| Scroll of Town Portal | 2 | |
| Healing Salve | 2 | |
| Lesser Clarity Potion | 2 | |
| Scroll of Speed | 1 | |
| Orb of Lightning | 1 | |
| Potion of Healing | 1 | |
9 total

»
Salight (
red | 26 APM | 572 actions | 21:56)
5 Paladin
2 Holy Light
3 Devotion Aura
» actions
| Assign group hotkey | 16 | |
| Basic commands | 120 | |
| Build / train | 61 | |
| Enter build submenu | 20 | |
| Enter hero's abilities submenu | 6 | |
| Right click | 76 | |
| Select / deselect | 157 | |
| Select group hotkey | 76 | |
| Use ability | 40 | |
572 total
» units
| Peasant | 17 | |
| Footman | 1 | |
| Rifleman | 7 | |
| Dragonhawk Rider | 1 | |
| Gryphon Rider | 5 | |
| Knight | 3 | |
34 total
» upgrades
| Gunpowder | 1 | |
| Masonry | 3 | |
| Armor | 2 | |
| Lumber Harvesting | 1 | |
| Swords | 3 | |
| Animal War Training | 1 | |
| Storm Hammers | 1 | |
12 total
» buildings
| Farm | 8 | |
| Altar of Kings | 1 | |
| Barracks | 1 | |
| Scout Tower | 4 | |
| Arcane Tower | 2 | |
| Lumber Mill | 1 | |
| Blacksmith | 1 | |
| Keep | 1 | |
| Arcane Vault | 1 | |
| Guard Tower | 2 | |
| Castle | 1 | |
| Gryphon Aviary | 2 | |
| Town Hall | 1 | |
26 total
» build order
00:32 Farm
00:45 Altar of Kings
01:02 Barracks
01:18 Farm
02:00 Scout Tower
02:09 Farm
02:30 Arcane Tower
02:37 Lumber Mill
02:58 Blacksmith
03:23 Farm
03:52 Keep
04:06 Arcane Vault
04:19 Scout Tower
04:55 Guard Tower
06:06 Farm
06:42 Castle
07:43 Gryphon Aviary
09:26 Gryphon Aviary
11:02 Farm
11:46 Scout Tower
12:00 Scout Tower
12:22 Arcane Tower
12:28 Farm
12:33 Guard Tower
13:22 Farm
19:56 Town Hall
» items
| Orb of Fire | 1 | |
| Scroll of Regeneration | 1 | |
| Scroll of Town Portal | 1 | |
3 total
Arthas (
orange | 91 APM | 3783 actions | 41:39)
10 Blademaster
3 Wind Walk
3 Critical Strike
1 Bladestorm
3 Mirror Image
» actions
| Assign group hotkey | 73 | |
| Basic commands | 141 | |
| Build / train | 125 | |
| ESC pressed | 6 | |
| Enter build submenu | 41 | |
| Enter hero's abilities submenu | 10 | |
| Give item / drop item | 10 | |
| Right click | 1676 | |
| Select / deselect | 364 | |
| Select group hotkey | 1041 | |
| Use ability | 296 | |
3783 total
» units
| Peon | 16 | |
| Grunt | 6 | |
| Goblin Shredder | 3 | |
| Wind Rider | 11 | |
36 total
» upgrades
| Armor | 3 | |
| Pillage | 1 | |
| Berserker Strength | 1 | |
| Ranged Weapons | 3 | |
| Reinforced Defenses | 1 | |
| Envenomed Spears | 1 | |
| Liquid Fire | 1 | |
| Spiked Barricades | 3 | |
| Backpack | 1 | |
| Melee Weapons | 1 | |
16 total
» buildings
| Altar of Storms | 1 | |
| Orc Burrow | 7 | |
| Barracks | 1 | |
| Voodoo Lounge | 1 | |
| Stronghold | 3 | |
| War Mill | 1 | |
| Great Hall | 2 | |
| Beastiary | 4 | |
| Fortress | 3 | |
| Watch Tower | 20 | |
43 total
» build order
00:06 Altar of Storms
00:09 Orc Burrow
00:28 Barracks
01:32 Orc Burrow
02:30 Voodoo Lounge
03:26 Stronghold
03:26 Stronghold
03:53 War Mill
05:17 Great Hall
06:20 Beastiary
07:01 Orc Burrow
07:47 Beastiary
07:50 Fortress
07:50 Fortress
07:51 Fortress
08:49 Watch Tower
09:37 Watch Tower
09:37 Watch Tower
09:39 Watch Tower
10:00 Watch Tower
10:02 Watch Tower
11:41 Watch Tower
11:44 Watch Tower
11:46 Watch Tower
11:50 Watch Tower
13:19 Beastiary
13:23 Beastiary
15:45 Watch Tower
21:24 Watch Tower
21:27 Watch Tower
21:28 Watch Tower
21:30 Watch Tower
21:39 Watch Tower
23:33 Orc Burrow
23:35 Orc Burrow
23:37 Orc Burrow
23:38 Orc Burrow
26:38 Great Hall
28:29 Watch Tower
28:29 Watch Tower
28:31 Watch Tower
28:31 Watch Tower
» items
| Healing Salve | 8 | |
| Lesser Clarity Potion | 11 | |
| Potion of Mana | 7 | |
| Scroll of Town Portal | 2 | |
| Potion of Healing | 1 | |
| Orb of Lightning | 3 | |
| Tiny Great Hall | 1 | |
33 total
zoey_deschanel (
green | 65 APM | 2691 actions | 41:39)
6 Blood Mage
2 Banish
3 Flame Strike
1 Summon Phoenix
» actions
| Assign group hotkey | 52 | |
| Basic commands | 62 | |
| Build / train | 111 | |
| Enter build submenu | 25 | |
| Enter hero's abilities submenu | 6 | |
| Give item / drop item | 2 | |
| Right click | 1129 | |
| Select / deselect | 376 | |
| Select group hotkey | 821 | |
| Use ability | 107 | |
2691 total
» units
| Peasant | 14 | |
| Footman | 7 | |
| Goblin Shredder | 3 | |
| Flying Machine | 36 | |
| Mortar Team | 4 | |
| Sorceress | 3 | |
67 total
» upgrades
| Masonry | 3 | |
| Gunpowder | 3 | |
| Plating | 3 | |
| Flying Machine Bombs | 1 | |
| Flak Cannons | 1 | |
| Fragmentation Shards | 1 | |
| Flare | 1 | |
| Sorceress Training | 2 | |
| Magic Sentry | 1 | |
16 total
» buildings
| Altar of Kings | 1 | |
| Barracks | 1 | |
| Farm | 10 | |
| Lumber Mill | 1 | |
| Town Hall | 4 | |
| Scout Tower | 14 | |
| Arcane Vault | 1 | |
| Guard Tower | 6 | |
| Keep | 1 | |
| Blacksmith | 1 | |
| Castle | 2 | |
| Workshop | 4 | |
| Arcane Sanctum | 1 | |
47 total
» build order
00:08 Altar of Kings
00:21 Barracks
00:36 Farm
00:51 Farm
01:32 Farm
01:52 Lumber Mill
03:44 Town Hall
03:47 Scout Tower
03:48 Scout Tower
03:48 Scout Tower
04:13 Arcane Vault
04:16 Farm
05:15 Guard Tower
05:19 Guard Tower
06:32 Farm
06:35 Keep
07:04 Scout Tower
07:04 Scout Tower
07:05 Scout Tower
07:06 Scout Tower
07:07 Scout Tower
07:50 Guard Tower
08:34 Guard Tower
08:39 Blacksmith
08:52 Farm
08:52 Farm
08:53 Farm
08:53 Farm
08:54 Farm
09:23 Castle
09:30 Guard Tower
09:52 Town Hall
10:01 Workshop
10:26 Workshop
10:28 Workshop
11:25 Workshop
16:56 Scout Tower
16:57 Scout Tower
16:57 Scout Tower
16:58 Scout Tower
16:58 Scout Tower
16:59 Scout Tower
18:55 Guard Tower
21:09 Town Hall
25:44 Town Hall
26:25 Arcane Sanctum
» items
| Scroll of Regeneration | 4 | |
| Ivory Tower | 3 | |
| Scroll of Town Portal | 5 | |
12 total
team 2 (loser)
The_Wicked_One (
yellow | 37 APM | 1363 actions | 36:42)
6 Tauren Chieftain
3 Endurance Aura
3 Shockwave
» actions
| Assign group hotkey | 15 | |
| Basic commands | 144 | |
| Build / train | 59 | |
| Enter build submenu | 18 | |
| Enter hero's abilities submenu | 8 | |
| Remove unit from queue | 2 | |
| Right click | 594 | |
| Select / deselect | 297 | |
| Select group hotkey | 155 | |
| Use ability | 69 | |
1363 total
» units
| Peon | 13 | |
| Grunt | 7 | |
| Peasant | 5 | |
| Wind Rider | 4 | |
| Troll Batrider | 7 | |
| Shaman | 2 | |
38 total
» upgrades
| Armor | 2 | |
| Shaman Training | 2 | |
| Envenomed Spears | 1 | |
5 total
» buildings
| Altar of Storms | 1 | |
| Barracks | 1 | |
| Orc Burrow | 8 | |
| Voodoo Lounge | 1 | |
| War Mill | 2 | |
| Stronghold | 1 | |
| Fortress | 1 | |
| Spirit Lodge | 1 | |
| Beastiary | 2 | |
| Tauren Totem | 2 | |
20 total
» build order
00:14 Altar of Storms
00:31 Barracks
00:40 Orc Burrow
01:34 Orc Burrow
02:38 Orc Burrow
03:57 Orc Burrow
04:14 Voodoo Lounge
04:58 War Mill
05:38 Stronghold
05:44 War Mill
08:20 Fortress
08:25 Spirit Lodge
09:25 Beastiary
09:26 Beastiary
10:53 Tauren Totem
10:59 Tauren Totem
14:14 Orc Burrow
14:14 Orc Burrow
14:15 Orc Burrow
15:42 Orc Burrow
» items
| Healing Salve | 1 | |
| Scroll of Speed | 1 | |
| Scroll of Town Portal | 1 | |
| Orb of Lightning | 1 | |
4 total

»
initiation (
teal | 64 APM | 371 actions | 05:48)
1 Goblin Tinker
1 Pocket Factory
» actions
| Assign group hotkey | 26 | |
| Basic commands | 3 | |
| Build / train | 23 | |
| ESC pressed | 11 | |
| Enter build submenu | 8 | |
| Enter hero's abilities submenu | 1 | |
| Right click | 121 | |
| Select / deselect | 114 | |
| Select group hotkey | 36 | |
| Use ability | 28 | |
371 total
» units
» upgrades
» buildings
| Altar of Kings | 1 | |
| Barracks | 1 | |
| Farm | 5 | |
| Lumber Mill | 1 | |
| Keep | 1 | |
9 total
» build order
00:17 Altar of Kings
00:21 Barracks
01:00 Farm
01:31 Farm
01:36 Farm
02:12 Lumber Mill
04:44 Keep
04:46 Farm
04:47 Farm
Rascal (
blue | 121 APM | 3995 actions | 33:03)
7 Mountain King
3 Storm Bolt
3 Bash
1 Avatar
1 Goblin Tinker
1 Engineering Upgrade
5 Paladin
3 Holy Light
2 Divine Shield
» actions
| Assign group hotkey | 34 | |
| Basic commands | 39 | |
| Build / train | 109 | |
| Enter build submenu | 66 | |
| Enter hero's abilities submenu | 13 | |
| Right click | 1959 | |
| Select / deselect | 515 | |
| Select group hotkey | 1098 | |
| Use ability | 162 | |
3995 total
» units
| Peasant | 24 | |
| Footman | 10 | |
| Rifleman | 11 | |
| Dragonhawk Rider | 5 | |
| Siege Engine | 1 | |
| Ice Troll Trapper | 1 | |
| Ice Troll Berserker | 1 | |
| Mud Golem | 1 | |
| Gnoll Overseer | 1 | |
55 total
» upgrades
| Defend | 1 | |
| Long Rifles | 2 | |
| Barrage | 1 | |
| Magic Sentry | 1 | |
5 total
» buildings
| Farm | 15 | |
| Lumber Mill | 3 | |
| Barracks | 3 | |
| Altar of Kings | 2 | |
| Town Hall | 6 | |
| Arcane Vault | 2 | |
| Keep | 4 | |
| Blacksmith | 2 | |
| Workshop | 2 | |
| Gryphon Aviary | 2 | |
| Castle | 4 | |
| Scout Tower | 24 | |
| Guard Tower | 17 | |
| Arcane Sanctum | 1 | |
87 total
» build order
00:21 Farm
00:37 Lumber Mill
00:52 Barracks
00:59 Farm
01:21 Altar of Kings
01:36 Farm
02:19 Farm
02:58 Farm
04:17 Town Hall
04:26 Arcane Vault
04:29 Barracks
05:54 Keep
06:31 Blacksmith
06:35 Farm
07:47 Farm
07:47 Farm
08:06 Blacksmith
08:46 Barracks
08:51 Workshop
09:10 Gryphon Aviary
09:52 Farm
09:53 Farm
10:30 Castle
10:32 Workshop
11:35 Gryphon Aviary
12:26 Farm
12:27 Farm
14:51 Scout Tower
14:51 Scout Tower
14:52 Scout Tower
14:52 Scout Tower
14:52 Scout Tower
14:57 Scout Tower
14:59 Farm
15:19 Guard Tower
15:29 Guard Tower
15:57 Town Hall
16:00 Guard Tower
16:01 Guard Tower
16:52 Scout Tower
16:52 Scout Tower
16:53 Scout Tower
17:28 Scout Tower
17:29 Scout Tower
17:29 Scout Tower
17:30 Scout Tower
17:35 Scout Tower
18:20 Guard Tower
18:24 Scout Tower
18:43 Keep
18:43 Keep
18:51 Guard Tower
18:53 Scout Tower
18:53 Scout Tower
18:53 Scout Tower
19:03 Scout Tower
19:03 Guard Tower
19:04 Guard Tower
19:05 Scout Tower
19:31 Arcane Vault
19:45 Guard Tower
19:55 Guard Tower
20:25 Town Hall
21:06 Castle
21:06 Castle
22:02 Arcane Sanctum
22:21 Scout Tower
22:22 Scout Tower
22:22 Scout Tower
22:49 Altar of Kings
23:26 Lumber Mill
25:04 Town Hall
25:13 Farm
25:58 Farm
26:42 Scout Tower
26:55 Town Hall
27:14 Lumber Mill
29:51 Town Hall
» items
| Scroll of Regeneration | 2 | |
| Healing Salve | 1 | |
| Scroll of Speed | 1 | |
| Scroll of Town Portal | 1 | |
| Orb of Fire | 1 | |
| Orb of Lightning | 1 | |
7 total
Slaver (
purple | 33 APM | 1376 actions | 41:39)
7 Blademaster
3 Wind Walk
3 Critical Strike
1 Bladestorm
» actions
| Assign group hotkey | 47 | |
| Basic commands | 68 | |
| Build / train | 51 | |
| Enter build submenu | 54 | |
| Enter hero's abilities submenu | 7 | |
| Give item / drop item | 2 | |
| Right click | 598 | |
| Select / deselect | 281 | |
| Select group hotkey | 142 | |
| Use ability | 126 | |
1376 total
» units
| Peon | 8 | |
| Grunt | 4 | |
| Goblin Shredder | 2 | |
| Wind Rider | 7 | |
21 total
» upgrades
| Armor | 3 | |
| Ranged Weapons | 3 | |
| Reinforced Defenses | 1 | |
| Envenomed Spears | 1 | |
8 total
» buildings
| Orc Burrow | 6 | |
| Altar of Storms | 1 | |
| Barracks | 2 | |
| Voodoo Lounge | 3 | |
| Stronghold | 1 | |
| War Mill | 2 | |
| Beastiary | 4 | |
| Great Hall | 4 | |
| Watch Tower | 38 | |
| Fortress | 1 | |
62 total
» build order
00:11 Orc Burrow
00:56 Altar of Storms
00:57 Barracks
01:05 Barracks
01:26 Orc Burrow
02:01 Voodoo Lounge
03:16 Stronghold
04:04 Orc Burrow
04:08 War Mill
05:40 Beastiary
05:41 Beastiary
06:20 Great Hall
06:43 Orc Burrow
08:05 Watch Tower
08:05 Watch Tower
08:06 Watch Tower
08:06 Watch Tower
08:19 Orc Burrow
10:35 Watch Tower
10:36 Watch Tower
10:36 Watch Tower
10:40 Fortress
12:32 Beastiary
12:32 Beastiary
12:39 Orc Burrow
16:54 Watch Tower
16:56 Watch Tower
16:58 Watch Tower
16:58 Watch Tower
16:59 Watch Tower
17:00 Watch Tower
17:53 Watch Tower
17:56 Watch Tower
17:58 Watch Tower
18:00 Watch Tower
19:56 Watch Tower
23:29 Great Hall
23:51 Watch Tower
23:53 Watch Tower
23:54 Watch Tower
23:55 Watch Tower
23:58 Watch Tower
24:00 Watch Tower
24:03 Watch Tower
24:05 Watch Tower
29:46 Great Hall
29:50 Watch Tower
29:51 Watch Tower
29:51 Watch Tower
29:51 Watch Tower
29:53 Watch Tower
29:53 Watch Tower
29:54 Watch Tower
29:55 Watch Tower
30:44 Voodoo Lounge
30:58 Great Hall
31:13 Watch Tower
31:14 Watch Tower
31:15 Watch Tower
31:15 Watch Tower
32:38 Voodoo Lounge
34:40 War Mill
» items
| Healing Salve | 5 | |
| Lesser Clarity Potion | 2 | |
| Scroll of Town Portal | 1 | |
| Potion of Healing | 2 | |
| Potion of Mana | 1 | |
| Orb of Lightning | 1 | |
12 total
Chat log
(00:08 / All) Rascal: gg
(00:18 / All) zoey_deschanel: lvl 34 pro right here
(00:18 / All) Arthas: AWW HELL NAW I HATE THIS MAP
(00:32 / All) Rascal: his stats are not pro
(00:41 / All) Rascal: he is mediocre at best
(00:43 / All) Slaver: Terry Gene Bollea is the greatest face and heel in wrestling history
(00:43 / All) Arthas: 0-0 is the mark of the true pro
(00:53 / All) Slaver: as Hulk Hogan and Hollywood Hogan respectfully
(00:54 / All) Arthas: FUCK YOU LAGGING BITCH
(01:10 / All) Rascal: you will know endless torment
(01:19 / All) Slaver: Of course he owes a lot to Superstar Billy Graham, whose persona he copped
(01:29 / All) Rascal: purple i couldn't agree more
(01:40 / All) Rascal: he ripped him off
(01:41 / All) Rascal: hardcore
(01:55 / All) Slaver: Superstar Billy Graham was the first professional wrestler that had no real background in wrestling/catch wrestling
(02:05 / All) Rascal: yeah, he was a true revolutionary
(02:18 / All) Rascal: i find it fascinating
(02:19 / All) zoey_deschanel: bret hart #1
(02:23 / All) Slaver: Gorgeous George also deserves a nod
(02:32 / All) Slaver: Muhammad Ali stole his act from him
(02:34 / All) Rascal: two nods i'd say
(02:49 / All) Rascal: he revolutionized head nodding
(02:52 / All) Slaver: He learned to put the butts in the seats and that you didn't need to be liked to sell tickets
(03:09 / All) Slaver: They'd line up in droves to see in the hopes of seeing that nigger Ali lose
(03:45 / All) Slaver: Ali lost a fight to a Jap that was only allowed to kick on one knee
(04:07 / All) zoey_deschanel: i watched an awful movie about the japs in ww2
(04:18 / All) Slaver: Letters from Iwo Jima?
(04:29 / All) zoey_deschanel: it was called emperor
(04:34 / All) zoey_deschanel: tommy lee jones
(05:11 / All) Slaver: fucking shitty creeps
(05:50 / All) zoey_deschanel: damn oj beasting at lvl 3 already
(05:50 / All) Rascal: what are you doing pinik
(06:01 / All) Slaver: lawl what a pussy
(06:43 / All) zoey_deschanel: ive been called a pussy in my time
(06:45 / All) zoey_deschanel: many a time
(07:04 / All) Slaver: literally the first sight of adversity and he bailed
(08:39 / All) Arthas: I didn't even notice there was a mk there
(10:26 / Allies) Salight: green don't take both mines...
(10:33 / Allies) zoey_deschanel: ill feed u gold man
(10:34 / Allies) zoey_deschanel: relax
(10:42 / Allies) Salight: k
(12:56 / Allies) Salight: gold
(13:02 / All) Slaver: I hate that fucking creep
(13:07 / All) Slaver: stun and slow
(13:15 / All) Slaver: if you get any slughtly near
(13:31 / Allies) Salight: green you hog
(13:35 / Allies) zoey_deschanel: wut
(13:37 / Allies) Salight: gold
(13:43 / Allies) zoey_deschanel: i have none man
(13:49 / Allies) Salight: i have less
(13:52 / Allies) zoey_deschanel: copters are costyly
(13:56 / Allies) Salight: hog
(14:01 / Allies) Arthas: Copters are an expensive unit
(14:04 / Allies) Arthas: It's worth it for the team though
(16:17 / Allies) Salight: go help him green you have aa
(16:19 / Allies) Salight: or me
(16:25 / All) zoey_deschanel: copters vs rifles?
(16:33 / Allies) Salight: air
(16:40 / All) zoey_deschanel: dat aint aa
(16:41 / Allies) Salight: wind riders
(16:56 / Allies) Salight: choppers kill wind riders
(16:59 / All) Arthas: Is blue even playing?
(17:09 / Allies) Salight: is green you mean
(18:14 / All) Slaver: YOu'RE NOT THE BOSS OF ME NOW YOU'RE NOT THE BOSS OF ME NOW AND YOU'RE NOT SO BIG
(20:20 / All) Arthas: Thanks for the base, yellow
(20:28 / All) The_Wicked_One: lol dude your bad
(20:36 / All) The_Wicked_One: 1 afk one leaver
(20:38 / All) Arthas: I have a brand new base, at least
(20:47 / All) The_Wicked_One: haha
(20:51 / All) The_Wicked_One: funny guy
(21:00 / All) Arthas: I can't populate it since I'd go over 50 food though
(22:00 / Allies) zoey_deschanel: lets kill blues expo soon i got mortars nigga
(22:03 / Allies) Arthas: lemme do that with towers
(22:05 / Allies) Arthas: stop
(22:21 / All) zoey_deschanel: free copters
(22:47 / All) Arthas: Like my towers, yellow?
(23:56 / All) The_Wicked_One: 2vs4 game
(24:04 / All) zoey_deschanel: u lol
(24:04 / All) The_Wicked_One: i want to say gg but,
(24:06 / All) zoey_deschanel: got raped lol
(24:12 / All) Arthas: He gave me a nice base
(24:13 / All) The_Wicked_One: afk?
(24:16 / All) The_Wicked_One: leaver?
(24:16 / All) zoey_deschanel: oj beat u 1v1q man
(24:20 / All) The_Wicked_One: 1v1 please noob?
(24:27 / All) zoey_deschanel: oj beat u 1v1
(24:28 / All) The_Wicked_One: scared?
(24:29 / All) zoey_deschanel: he is my
(24:41 / All) zoey_deschanel: oj is my liege lord
(24:44 / All) zoey_deschanel: u duel him
(25:13 / Allies) Dark-Spirit: lol
(26:03 / All) Arthas: Forgot about shockwave
(26:24 / All) Arthas: oh there's a tavern on this shit map
(26:26 / All) Arthas: Forgot about that
(26:28 / All) Slaver: it's best spell in footies
(26:46 / All) Slaver: besides death and decay but that gets stunned often
(26:56 / All) Slaver: coil is cool at like level 10
(27:20 / All) zoey_deschanel: gg blues expo lawlzer
(28:35 / All) zoey_deschanel: use my bm liege lord
(28:47 / All) Arthas: horseshit shockwave
(30:25 / All) Arthas: mk/pally is so gay
(31:07 / All) zoey_deschanel: no more soup fo ru blue
(31:44 / All) Slaver: What a devious mind you have
(32:01 / All) Slaver: Certainly takes some kind of a rascal to cook up such a insidious plot
(32:18 / All) Slaver: yellow and blue should have stuck together
(32:48 / All) zoey_deschanel: no mana pally
(33:22 / All) zoey_deschanel: i heard of ur name before yellow
(33:40 / All) The_Wicked_One: ?
(34:29 / All) zoey_deschanel: i recall u raging
(34:31 / All) zoey_deschanel: before me
(34:40 / All) The_Wicked_One: nah
(34:46 / All) The_Wicked_One: your too much of a noob
(35:03 / All) zoey_deschanel: u guys said u had an afker but me and oj never got units
(35:27 / All) The_Wicked_One: well this gam i had a tker a afker and a leaver
(35:36 / All) Arthas: and some fucking annoying hero combinations
(35:38 / All) zoey_deschanel: its still even
(35:44 / All) The_Wicked_One: and believe me kid your not even close to a challenge to me
(35:52 / All) Arthas: lawl
(35:53 / All) Slaver: lol
(35:57 / All) zoey_deschanel: bro, my brohter is kodos_Forsaken
(36:01 / All) Arthas: lucky crit wow
(36:07 / All) Slaver: should screenshot that, make a nice sig
(36:43 / All) zoey_deschanel: i pity u yellow
(36:49 / All) Slaver: Welp
(36:50 / All) zoey_deschanel: oh
(36:53 / All) Slaver: Pink gotta lose
(36:55 / All) zoey_deschanel: the lvl 34 pro is sitll here
(37:25 / All) zoey_deschanel: im whispering him
(37:43 / All) Slaver: rod did you take a screenshot of his message
(37:46 / All) Slaver: the believe me kid one
(37:47 / All) Slaver: lawl
(37:54 / All) Arthas: Nay
(37:57 / All) Arthas: I'll have to watch the replay for it
(38:03 / All) zoey_deschanel: he said "i dont care about u and ur brothers gay butt sex"
(38:04 / All) Arthas: I hope I can get it right when I get that lucky crit
(38:47 / All) zoey_deschanel: y does true shot aura affect mortars they arent aa
(38:55 / All) Slaver: they're range
(39:25 / All) zoey_deschanel: permission to tp to ur expos and kill them , my lord
(39:37 / All) Arthas: Mine?
(39:38 / All) Arthas: Go ahead
(40:21 / All) zoey_deschanel: i think oj whispered me and meant to whisper somebody else, he said something like they discontinued his acct
(40:32 / All) Arthas: oj?
(40:34 / All) Arthas: I'm oj
(40:38 / All) zoey_deschanel: wicked one
(40:39 / All) zoey_deschanel: i mean
(41:04 / All) zoey_deschanel: sure enough pink is still here